 Dungeon Crawl Stone Soup version 0.27-a0-965-gbf8bb431c4 (webtiles) character file.

Game seed: 7542158922761121352

23 spiderkeys the Skirmisher (level 2, -4/23 (24) HPs)
             Began as a Demonspawn Abyssal Knight on Apr 12, 2021.
             Was an Initiate of Lugonu.
             Slain by Jessica
             ... wielding a +0 club
              (5 damage)
             ... on level 2 of the Dungeon.
             The game lasted 00:01:42 (1772 turns).

spiderkeys the Skirmisher (DsAK)                    Turns: 1772, Time: 00:01:43

HP:   -4/23 (24)    AC:  3    Str: 12    XL:     2   Next: 75%
MP:   4/4           EV: 11    Int: 13    God:    Lugonu [......]
Gold: 100           SH:  0    Dex: 12    Spells: 1/1 levels left

rFire    . . .     SeeInvis .   a - +1 spear
rCold    . . .     Faith    .   (no shield)
rNeg     . . .     Spirit   .   b - +0 leather armour
rPois    .         Reflect  .   (no helmet)
rElec    .         Harm     .   (no cloak)
rCorr    .         Rampage  .   (no gloves)
Will     .....                  (no boots)
Stlth    +.........             (no amulet)
HPRegen  0.07/turn              (no ring)
MPRegen  0.09/turn              (no ring)

@: slowed, lightly drained, very slow
A: powered by death 1
a: Renounce Religion


You were on level 2 of the Dungeon.
You worshipped Lugonu.
Lugonu was noncommittal.
You visited 1 branch of the dungeon, and saw 2 of its levels.
You visited the Abyss 1 time.

You collected 100 gold pieces.

Inventory:

Hand Weapons
 a - a +1 spear (weapon)
Armour
 b - a +0 leather armour (worn)
Scrolls
 d - a scroll of identify {unknown}
 f - a scroll of enchant weapon {unknown}
Potions
 c - a potion of ambrosia {unknown}
 e - 2 potions of might {unknown}
 g - a potion of haste {unknown}
 h - a potion of curing {unknown}


   Skills:
 + Level 3.1 Fighting
 * Level 2.3 Polearms
 + Level 1.9 Armour
 + Level 1.3 Dodging
 + Level 2.8 Invocations


You had one spell level left.
You didn't know any spells.
Your spell library contained the following spells:

 Spells                   Type           Power      Damage    Failure   Level
 Confusing Touch          Hex            0%         N/A       75%         3
 Gell's Gravitas          Tloc           0%         N/A       75%         3
 Petrify                  Tmut/Erth      0%         N/A       98%         4
 Metabolic Englaciation   Hex/Ice        0%         N/A       100%        5
 Yara's Violent Unravell  Hex/Tmut       0%         3d3       100%        5


Dungeon Overview and Level Annotations

Branches:
Dungeon (2/15)

Altars:

Annotations:
D:2 Jessica, Sigmund


Innate Abilities, Weirdness & Mutations

You regenerate a little health from kills.


Message History

You hit Jessica.
Jessica is lightly wounded.
A dart slug comes into view.
Jessica shouts, "You're disturbing me!
I'll have to kill you!" Jessica hits you but does no damage.
You hit Jessica.
Jessica is severely wounded.
Jessica hits you with a +0 club!
You closely miss Jessica.
Jessica is severely wounded.
Jessica misses you.
You hit Jessica but do no damage.
Jessica is severely wounded.
The dart slug launches a dart at you. The slug dart hits you.
Jessica hits you but does no damage.
You barely miss Jessica.
Jessica is severely wounded.
Jessica casts a spell.
Jessica seems to speed up.
You closely miss Jessica.
Jessica is severely wounded.
Jessica hits you with a +0 club.
You barely miss Jessica.
Jessica is severely wounded.
Jessica casts a spell at you.
You feel yourself slow down. Jessica hits you with a +0 club.
You are too injured to fight recklessly!
You barely miss Jessica.
Jessica is severely wounded.
Jessica hits you but does no damage. The dart slug launches a dart at you.
The slug dart hits you.
* * * LOW HITPOINT WARNING * * *
Jessica hits you with a +0 club.
* * * LOW HITPOINT WARNING * * *
You closely miss Jessica.
Jessica is severely wounded.
Jessica points at you and mumbles some strange words.
You resist with some effort. Jessica hits you with a +0 club.
You die...

..#. ...........
..........#
.......(..#.#
......w...#.#
..........#.#
..........#.#
......@...#.#
.......@..#.# #
.........)#.##.####
##......†..........
#.########.###### #
#.# #.# #.#
#.########
#.........


You could see a dart slug and Jessica (fast).

Vanquished Creatures
  An ufetubus (Abyss:1)
  A giant cockroach (D:1)
  4 goblins
  2 kobolds (D:1)
  A quokka (D:2)
  3 ball pythons
  4 bats
  A frilled lizard (D:2)
  A rat (D:1)
18 creatures vanquished.

Notes
Turn   | Place    | Note
-------+----------+-------------------------------------------
     0 | Abyss:1  | spiderkeys the Demonspawn Abyssal Knight began the quest
                  | for the Orb.
     0 | Abyss:1  | Reached XP level 1. HP: 18/18 MP: 2/2
    16 | Abyss:1  | Found an iron altar of Okawaru.
    31 | Abyss:1  | Reached skill level 1 in Dodging
   122 | Abyss:1  | Noticed an orange demon
   192 | Abyss:2  | Found a corrupted altar of Lugonu.
   233 | Abyss:2  | Found a corrupted altar of Lugonu.
   247 | Abyss:2  | Noticed a raiju
   254 | D:1      | Escaped the Abyss
   536 | D:1      | Gained mutation: You regenerate a little health from kills.
                  | [demonic ancestry]
   536 | D:1      | Reached XP level 2. HP: 22/24 MP: 3/3
  1594 | D:2      | Noticed Sigmund
  1758 | D:2      | Noticed Jessica
  1771 | D:2      | HP: 1/23 [Jessica/+0 club (4)]
  1772 | D:2      | Slain by Jessica

Illustrated notes

Levels and vault maps discovered:
D:1:      minmay_arrival_three_doors, layout_basic
D:2:      layout_basic, chequers_ecumenical_altar_simple_redux,
          chequers_serial_rivers_room_a, uniq_sigmund, uniq_jessica

Skill      XL: |  1 |
---------------+----+-----
Polearms       | 2 |  2.3
Dodging        | 1 |  1.3
Fighting       | |  3.1
Armour         | |  1.9
Invocations    | |  2.8

Action                   || total
-------------------------++-------
Melee: Spear             ||    68
Invok: Depart the Abyss  ||     1
Armor: Leather armour    ||    15
Dodge: Dodged            ||    41

Table legend: (Time is in decaauts)
 A = Elapsed time spent in this place.
 B = Non-inter-level travel time spent in this place.
 C = Inter-level travel time spent in this place.
 D = Time resting spent in this place.
 E = Time spent auto-exploring this place.
 F = Levels seen in this place.
 G = Mean time per level.
                   A        B        C        D        E       F      G
               +--------+--------+--------+--------+--------+-----+--------+
         Total |   1772 |   1694 |     78 |    206 |   1213 |   4 |  443.0 |
       Dungeon |   1518 |   1440 |     78 |    119 |   1190 |   2 |  759.0 |
         Abyss |    253 |    253 |      0 |     87 |     23 |   2 |  126.5 |
               +--------+--------+--------+--------+--------+-----+--------+

Top non-repeatable levels by time:
     D:1: 1450 daAuts
 Abyss:1: 192 daAuts
     D:2: 68 daAuts
 Abyss:2: 61 daAuts
